 Dungeon Crawl Stone Soup version 0.22.1-6-g1668fe2c40 (webtiles) character file.

163 Ihlosi the Skirmisher (level 5, -2/33 HPs)
             Began as a Kobold Fighter on Jan 28, 2019.
             Slain by a wyvern skeleton (4 damage)
             ... on level 4 of the Dungeon.
             The game lasted 00:06:18 (2887 turns).

Ihlosi the Skirmisher (Kobold Fighter)              Turns: 2887, Time: 00:06:19

Health: -2/33      AC: 12    Str: 14    XL:     5   Next: 72%
Magic:  5/5        EV:  6    Int: 10    God:
Gold:   202        SH:  9    Dex: 14    Spells: 4/4 levels left

rFire    . . .     SeeInvis .   e - +0 mace (venom)
rCold    . . .     Gourm    .   c - +0 shield
rNeg     . . .     Faith    .   v - +0 chain mail
rPois    .         Spirit   .   h - +0 helmet
rElec    .         Reflect  .   (no cloak)
rCorr    +         Harm     .   t - +0 pair of gloves
MR       .....                  C - +0 pair of boots
Stlth    ..........             (no amulet)
HPRegen  0.11/turn              w - ring of resist corrosion
MPRegen  0.09/turn              (no ring)

@: no status effects
A: small, carnivore
a: no special abilities


You were on level 4 of the Dungeon.
You were very full.

You visited 1 branch of the dungeon, and saw 4 of its levels.

You collected 202 gold pieces.

Inventory:

Hand Weapons
 a - a +0 flail
 e - a +0 mace of venom (weapon)
 l - a +0 whip of holy wrath
 z - a +0 blowgun
Missiles
 i - 7 needles of sleeping
 A - 15 poisoned needles
Armour
 c - a +0 shield (worn)
 h - a +0 helmet (worn)
 t - a +0 pair of gloves (worn)
 v - a +0 chain mail (worn)
 C - a +0 pair of boots (worn)
Jewellery
 w - a ring of resist corrosion (left hand)
 y - an uncursed ring of protection from cold {unknown}
Wands
 r - a wand of iceblast (9)
 u - a wand of acid (4)
Scrolls
 b - a scroll of fog {unknown}
 g - 2 scrolls of immolation {unknown}
 j - a scroll of blinking {unknown}
 k - 4 scrolls of teleportation {unknown}
 q - 3 scrolls of identify {unknown}
 s - 2 scrolls of enchant weapon {unknown}
Potions
 d - 5 potions of might
 m - a potion of brilliance {unknown}
 n - a potion of lignification {unknown}
 o - 2 potions of haste {unknown}
 p - a potion of mutation {unknown}
 x - a potion of magic {unknown}
 B - a potion of cancellation {unknown}
 D - a potion of agility {unknown}
Comestibles
 f - 8 rations


   Skills:
 * Level 3.9 Fighting
 * Level 3.1 Maces & Flails
 * Level 2.9 Armour
 * Level 1.8 Dodging
 * Level 3.0 Shields
 * Level 1.3 Evocations


You had 4 spell levels left.
You didn't know any spells.
Your spell library was empty.

Dungeon Overview and Level Annotations

Branches:
Dungeon (4/15)
 Temple: D:4-7

Altars:
Makhleb
Nemelex Xobeh
Qazlal
Sif Muna
Wu Jian
Zin


Innate Abilities, Weirdness & Mutations

You are small and have problems with some larger weapons.
You are carnivorous and can eat meat at any time.


Message History

Your shield and chain mail prevent you from hitting the wyvern skeleton.
You block the wyvern skeleton's attack.
Your shield and chain mail prevent you from hitting the wyvern skeleton.
The wyvern skeleton bites you but does no damage.
The wyvern skeleton bites you.
You sock the wyvern skeleton!
The wyvern skeleton is lightly damaged.
You block the wyvern skeleton's attack.
You hit the wyvern skeleton.
The wyvern skeleton is moderately damaged.
The wyvern skeleton bites you but does no damage.
You block the wyvern skeleton's attack.
You hit the wyvern skeleton.
The wyvern skeleton is moderately damaged.
The wyvern skeleton bites you! x2
* * * LOW HITPOINT WARNING * * *
You hit the wyvern skeleton.
The wyvern skeleton is moderately damaged.
The wyvern skeleton bites you.
You die...

#.... ....# ##.... .....#
#..... ...... .. #.....
......# .# #..... .......
##.# #..... .......## #..
#..... ........### #.#
##.... .......lZ@###.####
##...
.......###.....#.#######..
....... ##.............#.
....... #..#######......
...#### #..# ####### ##
#..# #..# ...# #...#


You could see an iguana and a wyvern skeleton.

Vanquished Creatures
  An orc priest (D:2)
  An orc wizard (D:3)
  2 adders
  An ooze (D:4)
  2 worms
  A dart slug (D:2)
  6 orcs
  6 bats
  5 giant cockroaches
  8 goblins
  7 hobgoblins (D:1)
  4 jackals (D:1)
  6 ball pythons (D:2)
  4 frilled lizards
  6 kobolds
  7 rats
67 creatures vanquished.

Notes
Turn   | Place    | Note
-------+----------+-------------------------------------------
     0 | D:1      | Ihlosi the Kobold Fighter began the quest for the Orb.
     0 | D:1      | Reached XP level 1. HP: 14/14 MP: 1/1
   119 | D:1      | Reached XP level 2. HP: 9/19 MP: 2/2
   438 | D:1      | Reached XP level 3. HP: 22/23 MP: 3/3
   748 | D:1      | Reached skill level 1 in Dodging
  1189 | D:2      | Reached XP level 4. HP: 29/29 MP: 4/4
  1509 | D:2      | Reached XP level 5. HP: 21/33 MP: 5/5
  1709 | D:3      | Found a glowing silver altar of Zin.
  2327 | D:3      | Reached skill level 1 in Evocations
  2339 | D:3      | HP: 1/33 [something/magic dart (7)]
  2634 | D:3      | Found a sparkling altar of Nemelex Xobeh.
  2634 | D:3      | Found a stormy altar of Qazlal.
  2635 | D:3      | Found a burning altar of Makhleb.
  2647 | D:3      | Found an ornate altar of the Wu Jian Council.
  2761 | D:4      | Found a deep blue altar of Sif Muna.
  2887 | D:4      | Slain by a wyvern skeleton

Skill      XL: |  1  2  3  4  5 |
---------------+----------------+-----
Maces & Flails | 2 3 |  3.1
Dodging        | 1 |  1.8
Shields        | 3 |  3.0
Evocations     | 1 |  1.3
Fighting       | |  3.9
Armour         | |  2.9

Action                   |  1- 3 |  4- 6 || total
-------------------------+-------+-------++-------
Melee: Flail             |   124 |   131 ||   255
       Mace              |       |    14 ||    14
  Use: Potion            |       |     3 ||     3
  Eat: Chunk             |     9 |     5 ||    14
Armor: Scale mail        |    41 |    14 ||    55
       Chain mail        |       |    72 ||    72
Dodge: Dodged            |    34 |    71 ||   105
Block: Shield            |    63 |    84 ||   147
